 Dungeon Crawl Stone Soup version 0.22.1-1-ga44c0e5 (webtiles) character file.

64845 Irenicus the Severer (level 14, -5/189 HPs)
             Began as a Deep Dwarf Monk on Oct 5, 2018.
             Was the Champion of Makhleb.
             Slain by a six-headed hydra (6 damage)
             ... called by a spriggan druid
             ... on level 4 of the Swamp.
             The game lasted 01:41:46 (12164 turns).

Irenicus the Severer (Deep Dwarf Monk)             Turns: 12164, Time: 01:41:47

Health: -5/189     AC: 14    Str: 24    XL:     14   Next: 73%
Magic:  17/17      EV: 22    Int: 15    God:    Makhleb [******]
Gold:   685        SH:  0    Dex: 24    Spells: 13/13 levels left

rFire    + . .     SeeInvis .   J - +6 broad axe (chop)
rCold    . . .     Gourm    .   h - +0 buckler
rNeg     + + .     Faith    .   t - +0 ring mail of the Many Planets {rF+ MR+ Str+4}
rPois    .         Spirit   .   H - +1 helmet
rElec    .         Reflect  .   u - +0 cloak
rCorr    .         Harm     .   n - +2 pair of gloves
MR       ++++.     Rnd*Rage +   (no boots)
Stlth    ..........             T - amulet of rage {+Rage, !d}
HPRegen  0.00/turn              O - ring "Hepnirem" {rN+ MR+ Int+2 Slay+2}
MPRegen  0.15/turn              r - +6 ring of dexterity

@: confused, berserking (expiring), non-regenerating, very quick
A: damage resistance, heal wounds, berserk 1, negative energy resistance 1,
sense surroundings 2, no regeneration
a: Heal Wounds, Minor Destruction, Lesser Servant of Makhleb, Major Destruction,
Greater Servant of Makhleb, Renounce Religion, Evoke Berserk Rage


You were on level 4 of the Swamp.
You worshipped Makhleb.
Makhleb was exalted by your worship.
You were very hungry.

You visited 5 branches of the dungeon, and saw 25 of its levels.
You also visited: Bailey.

You collected 2288 gold pieces.
You spent 1603 gold pieces at shops.

Inventory:

Hand Weapons
 A - a +0 broad axe
   (You took it off an orc knight on level 2 of the Orcish Mines)
 C - a +0 war axe of venom
   (You took it off an orc knight on level 2 of the Orcish Mines)
 J - a +6 broad axe of chopping (weapon)
   (You bought it in a shop on level 2 of the Orcish Mines)
 Q - a +1 executioner's axe of chopping
   (You acquired it on level 6 of the Lair of Beasts)
 Z - the +9 hunting sling of Disorder {flame, rC++}
   (You found it on level 6 of the Lair of Beasts)

   It causes projectiles fired from it to burn those they strike, causing extra
   injury to most foes and up to half again as much damage against particularly
   susceptible opponents.
   It greatly protects you from cold.
Armour
 h - a +0 buckler (worn)
   (You found it on level 4 of the Dungeon)
 n - a +2 pair of gloves (worn)
   (You found it on level 3 of the Dungeon)
 t - the +0 ring mail of the Many Planets (worn) {rF+ MR+ Str+4}
   (You found it in a bailey)

   It affects your strength (+4).
   It protects you from fire.
   It affects your resistance to hostile enchantments.
 u - a +0 cloak (worn)
   (You found it on level 4 of the Dungeon)
 H - a +1 helmet (worn)
   (You found it on level 2 of the Lair of Beasts)
Magical Staves
 F - an uncursed staff of cold {rC+}
   (You found it on level 4 of the Swamp)
 Y - an uncursed staff of energy {@w1+MP, hungerless spells, !d!a}
   (You found it on level 6 of the Lair of Beasts)
Jewellery
 b - an uncursed amulet of the gourmand {Gourm, !d}
   (You found it on level 5 of the Lair of Beasts)
 r - a +6 ring of dexterity (right hand)
   (You found it on level 10 of the Dungeon)
 s - an uncursed ring of protection from cold {rC+, !d}
   (You found it on level 10 of the Dungeon)
 w - a +4 ring of protection
   (You found it in a bailey)
 L - an uncursed ring of stealth {Stlth+}
   (You found it on level 1 of the Dungeon)
 O - the ring "Hepnirem" (left hand) {rN+ MR+ Int+2 Slay+2}
   (You bought it in a shop on level 2 of the Orcish Mines)

   [ring of positive energy]

   It affects your intelligence (+2).
   It affects your accuracy and damage with ranged weapons and melee attacks
   (+2).
   It protects you from negative energy.
   It affects your resistance to hostile enchantments.
 P - an uncursed ring of positive energy {rN+}
   (You found it on level 12 of the Dungeon)
 R - an uncursed ring of see invisible {sInv, !d}
   (You found it on level 2 of the Lair of Beasts)
 T - an amulet of rage (around neck) {+Rage, !d}
   (You bought it in a shop on level 2 of the Orcish Mines)
Wands
 a - a wand of polymorph (30)
   (You found it on level 12 of the Dungeon)
 d - a wand of digging (17)
   (You found it on level 12 of the Dungeon)
 f - a wand of flame (16)
   (You found it on level 12 of the Dungeon)
 g - a wand of random effects (37)
   (You bought it in a shop on level 2 of the Orcish Mines)
 m - a wand of iceblast (10)
   (You found it on level 8 of the Dungeon)
 v - a wand of scattershot (5)
   (You took it off Ijyb on level 3 of the Dungeon)
 E - a wand of acid (1)
   (You found it on level 8 of the Dungeon)
 I - a wand of enslavement (8)
   (You found it on level 11 of the Dungeon)
 K - a wand of disintegration (7)
   (You found it on level 4 of the Lair of Beasts)
Scrolls
 i - 2 scrolls of fog
 j - 8 scrolls of remove curse
 k - 10 scrolls of teleportation
 l - 3 scrolls of magic mapping {!r}
 p - a scroll of identify
 y - a scroll of holy word {!r}
 D - a scroll of summoning
 X - 2 scrolls of immolation {!r}
Potions
 e - 2 potions of berserk rage {!q}
 o - 4 potions of might
 x - a potion of brilliance
 z - a potion of mutation {!q}
 B - 2 potions of agility
 G - a potion of magic
 M - 2 potions of cancellation
 N - 4 potions of curing
 S - a potion of heal wounds
 U - 3 potions of haste
 V - 3 potions of flight
 W - a potion of lignification {!q}
Miscellaneous
 q - a sack of spiders
Comestibles
 c - 33 rations


   Skills:
 - Level 8.2 Fighting
 + Level 19.7 Axes
 - Level 9.0 Armour
 - Level 11.5 Dodging
 - Level 2.4 Stealth
 - Level 4.4 Shields
 - Level 8.0 Invocations
 - Level 7.5 Evocations


You had 13 spell levels left.
You didn't know any spells.
Your spell library contained the following spells:

 Spells                   Type           Power        Failure   Level  Hunger
 Beastly Appendage        Tmut           #.....       36%         1    ##.....
 Corona                   Hex            #......      36%         1    ##.....
 Flame Tongue             Conj/Fire      #....        36%         1    ##.....
 Freeze                   Ice            #...         36%         1    ##.....
 Shock                    Conj/Air       #...         36%         1    ##.....
 Ensorcelled Hibernation  Hex/Ice        #.....       52%         2    ###....
 Sticks to Snakes         Tmut           #.......     52%         2    ###....
 Swiftness                Chrm/Air       #.......     52%         2    ###....
 Throw Flame              Conj/Fire      #.....       52%         2    ###....
 Throw Frost              Conj/Ice       #.....       52%         2    ###....
 Confuse                  Hex            #.......     75%         3    ####...
 Conjure Flame            Conj/Fire      #.......     75%         3    ####...
 Dazzling Spray           Conj/Hex       #.....       75%         3    ####...
 Inner Flame              Hex/Fire       #.......     75%         3    ####...
 Ozocubu's Armour         Chrm/Ice       #.......     75%         3    ####...
 Spider Form              Tmut/Pois      #.........   75%         3    ####...
 Static Discharge         Conj/Air       #.......     75%         3    ####...
 Tukima's Dance           Hex            #.......     75%         3    ####...
 Airstrike                Air            #.........   98%         4    #####..
 Ice Form                 Ice/Tmut       #.......     98%         4    #####..
 Sticky Flame             Conj/Fire      #.......     98%         4    #####..
 Summon Ice Beast         Ice/Summ       #.......     98%         4    #####..
 Summon Lightning Spire   Summ/Air       #.......     98%         4    #####..
 Throw Icicle             Conj/Ice       #.......     98%         4    #####..
 Blade Hands              Tmut           #.........   100%        5    ######.
 Fireball                 Conj/Fire      #.........   100%        5    ######.
 Lightning Bolt           Conj/Air       #.........   100%        5    ######.
 Silence                  Hex/Air        #.........   100%        5    ######.
 Conjure Ball Lightning   Conj/Air       #.........   100%        6    #######
 Deflect Missiles         Chrm/Air       #.........   100%        6    #######
 Tornado                  Air            #.........   100%        9    #######


Dungeon Overview and Level Annotations

Branches:
Dungeon (12/15)            Temple (1/1) D:4            Lair (6/6) D:8
  Swamp (4/4) Lair:4       Spider (0/4) Lair:4        Slime (0/5) Lair:5
    Orc (2/2) D:10            Elf (0/3) Orc:2

Altars:
Ashenzari
Cheibriados
Elyvilon
Fedhas
Gozag
Hepliaklqana
Kikubaaqudgha
Makhleb
Nemelex Xobeh
Okawaru
Qazlal
Ru
Sif Muna
Uskayaw
Vehumet
Xom
Yredelemnul
Zin
The Shining One
Beogh

Shops:
D:12 [   Orc:2 [*=*

Annotations:
D:8 Harold
Orc:1 1 runed door, Ziny's ghost, journeyman TrMo


Innate Abilities, Weirdness & Mutations

You are resistant to damage.
You can heal yourself by infusing magical energy.
You resist negative energy. (rN+)
You passively map the area around you.
You do not regenerate.
You tend to lose your temper in combat.


Message History

You block the swamp dragon's attack. The slime creature misses you.
You regained 7 hp, and now have 49/126 hp.
Aim: a five-headed hydra (heavily wounded, covered in acid)
The bolt of acid hits the five-headed hydra.
The five-headed hydra is splashed with acid.
The bolt of acid hits the swamp drake.
The swamp drake is splashed with acid.
The acid corrodes the swamp drake!
The spiny frog completely misses you.
The spriggan druid mumbles some strange words.
The forest starts to sway and rumble!
The five-headed hydra bites you.
The five-headed hydra closely misses you.
The five-headed hydra barely misses you.
The five-headed hydra completely misses you.
The five-headed hydra bites you!
A slime creature comes into view.
The swamp drake breathes noxious fumes at you.
The noxious blast engulfs the slime creature.
The slime creature appears unharmed.
The swamp dragon barely misses you. The swamp dragon claws you.
The swamp dragon misses you. The slime creature barely misses you.
You take 8 damage, and have 41/126 hp.
Okay, then.
A tree reaches out and hits you!
* * * LOW HITPOINT WARNING * * *
The spriggan druid closely misses you.
The spriggan rider is engulfed in noxious fumes.
The swamp dragon bites you but does no damage.
The swamp dragon closely misses you. The swamp dragon barely misses you.
You take 7 damage, and have 34/126 hp.
A red film seems to cover your vision as you go berserk!
You feel yourself moving faster!
You feel mighty!
You are feeling very hungry.
The slime creature quivers.
You are hit by a branch!
* * * LOW HITPOINT WARNING * * *
The spiny frog barely misses you.
The spriggan rider is engulfed in noxious fumes.
The spriggan rider appears confused.
The spriggan druid calls out to the beasts of the wild!
A swamp drake comes into view.
The swamp dragon barely misses you. The swamp dragon closely misses you. x2
A slime creature comes into view.
You now have 44/189 hp.
You slice the spriggan druid!!
You chop one of the five-headed hydra's heads off!
The four-headed hydra grows two more!
You slash the six-headed hydra!
Your ring mail of the Many Planets prevents you from hitting the swamp dragon.
The swamp drake breathes noxious fumes at you.
The noxious blast engulfs the six-headed hydra.
The six-headed hydra appears unharmed.
The spriggan rider is engulfed in noxious fumes.
The spriggan druid is engulfed in noxious fumes.
The spriggan druid appears confused.
The spriggan druid splashes around in the water.
You barely miss the six-headed hydra. You slash the swamp dragon!
You closely miss the spriggan druid.
You are engulfed in noxious fumes.
You choke on the stench!
You are confused.
A root smacks you from below.
* * * LOW HITPOINT WARNING * * *
A six-headed hydra comes into view.
The swamp dragon completely misses you. The swamp dragon barely misses you.
The swamp dragon completely misses you.
A slime creature comes into view.
The six-headed hydra bites you but does no damage.
The six-headed hydra closely misses you.
The six-headed hydra bites you.
* * * LOW HITPOINT WARNING * * *
The six-headed hydra barely misses you. The six-headed hydra misses you.
The six-headed hydra barely misses you.
You take 16 damage, and have 28/189 hp.
Unknown command.
You bump into the awoken tree.
You are engulfed in noxious fumes.
You choke on the stench!
You are more confused.
The slime creature quivers.
The spriggan druid is engulfed in noxious fumes.
The spriggan druid completely misses you.
The spriggan rider hits the spriggan druid with a spear!!
With its final breath, the spriggan druid offers up its power to the beasts of The swamp dragon is healed.
The swamp drake is healed.
The six-headed hydra is healed.
The swamp dragon seems to grow more fierce.
The swamp drake seems to grow more fierce.
The six-headed hydra seems to grow more fierce.
The swamp drake seems to grow more fierce. x2
The six-headed hydra seems to grow more fierce.
The spriggan druid dies!
You hear a splash. x2
The forest abruptly stops moving.
Unknown command.
You're too confused to move!
You feel a strong urge to attack something.
You are engulfed in noxious fumes.
You choke on the stench!
You are more confused.
The six-headed hydra misses you. The six-headed hydra bites you!!
* * * LOW HITPOINT WARNING * * *
The six-headed hydra misses you. The six-headed hydra bites you!
* * * LOW HITPOINT WARNING * * *
The six-headed hydra bites you. The six-headed hydra bites you!
You die...

* * ≈**, ,
♣≈♣♣..≈≈≈≈ ,≈, ,
...≈≈≈.. ,
..≈≈≈§.* *
≈≈≈≈≈♣*≈ *♣§..♣
≈ ♣§..♣♣ ≈≈
♣♣♣J†≈≈♣.≈≈ *
♣@DF†≈...≈≈ ≈ *
♣♣D§k†≈≈..≈≈
♣≈.ki§≈≈...., ≈
, ♣♣♣.≈≈≈J≈.J≈≈
♣♣♣≈...≈≈≈.J≈≈≈≈
≈
♣≈...k♣§.≈..§≈≈
≈≈
♣♣≈.†≈....≈D≈≈≈
≈
♣≈..≈≈≈≈.....≈≈≈
♣...≈≈≈§≈.≈§.≈≈


You could see 2 six-headed hydras, a swamp dragon, 4 slime creatures, a spriggan
rider (confused), a spiny frog and 3 swamp drakes.

Vanquished Creatures
  Josephine (D:11)
  An ice dragon (Lair:6)
  A hydra (D:12)
  2 catoblepae
  2 two-headed ogres
  An alligator (Swamp:3)
  4 death yaks (Lair:6)
  2 orc high priests (Orc:2)
  An unseen horror (D:12)
  A shambling mangrove (Swamp:4)
  An orb spider (Lair:4)
  4 orc knights
  An orc sorcerer (Orc:2)
  A deep elf mage (D:11)
  5 oklob plants (Lair:5)
  3 ugly things
  A cyclops (D:12)
  5 elephants (Lair:6)
  6 black mambas
  20 spiny frogs
  2 rime drakes
  5 komodo dragons
  3 hornets (Swamp:4)
  2 trolls
  A polar bear (Lair:5)
  4 tyrant leeches
  12 dream sheep
  5 hippogriffs
  2 slime creatures (Swamp:4)
  4 bog bodies
  31 blink frogs
  Sigmund (D:2)
  34 yaks
  2 wyverns
  4 wraiths (D:11)
  A human (D:7)
  3 basilisks
  4 hogs (D:7)
  10 vampire mosquitoes
  A hungry ghost (D:11)
  Grum (D:9)
  A warg (Orc:1)
  6 swamp worms
  4 insubstantial wisps (Swamp:3)
  A soldier ant (D:11)
  9 water moccasins
  4 porcupines
  Duvessa (D:4)
  4 black bears
  2 swamp drakes (Swamp:3)
  34 orc warriors
  3 ice beasts (D:12)
  2 sky beasts
  2 necrophages
  11 ogres
  A phantom (D:8)
  13 wolves
  15 crocodiles
  2 centaurs
  3 big kobolds
  20 bullfrogs
  A gnoll sergeant (D:11)
  Dowan (D:4)
  5 scorpions
  7 killer bees (D:11)
  12 wights
  2 howler monkeys
  3 electric eels
  5 crimson imps
  A bullfrog skeleton (D:12)
  6 hounds
  A quasit (D:10)
  18 orc priests
  3 jellies
  19 orc wizards
  3 centaur skeletons
  5 iguanas
  Ijyb (D:3)
  Terence (D:2)
  4 worker ants
  11 gnolls
  12 adders
  3 shadow imps
  2 oozes
  An adder skeleton (D:7)
  2 worms (D:3)
  A dart slug (D:1)
  4 leopard geckos
  110 orcs
  9 bats
  8 giant cockroaches
  16 goblins
  7 hobgoblins
  13 jackals
  16 kobolds
  3 quokkas
  A ball python (D:7)
  6 frilled lizards
  A jackal skeleton (D:4)
  A leopard gecko zombie (D:7)
  A quokka skeleton (D:8)
  6 rats
  A bush (Lair:2)
  A fungus (Lair:6)
  4 plants (Lair:6)
671 creatures vanquished.

Vanquished Creatures (collateral kills)
  Fannar (D:11)
  An orc high priest (Orc:2)
  3 orc knights (Orc:2)
  2 orc sorcerers (Orc:2)
  A hungry ghost (D:11)
  2 orc warriors (Orc:2)
  An eye of draining (D:11)
  An orc priest (Orc:2)
  2 orc wizards
  2 orcs (D:11)
16 creatures vanquished.

Vanquished Creatures (others)
  A spriggan druid (Swamp:4)
  A slime creature (Swamp:4)
  A spriggan (Swamp:4)
  An orc priest (Orc:2)
  12 fungi (Lair:6)
  35 plants (Lair:6)
51 creatures vanquished.

Grand Total: 738 creatures vanquished

Notes
Turn   | Place    | Note
-------+----------+-------------------------------------------
     0 | D:1      | Irenicus the Deep Dwarf Monk began the quest for the Orb.
     0 | D:1      | Reached XP level 1. HP: 20/20 MP: 1/1
    94 | D:2      | Reached skill level 4 in Axes
    94 | D:2      | Reached XP level 2. HP: 18/27 MP: 2/2
   118 | D:2      | Noticed Sigmund
   295 | D:2      | Reached XP level 3. HP: 21/33 MP: 3/3
   432 | D:3      | Reached skill level 5 in Axes
   440 | D:3      | HP: 7/33 [orc/short sword (2)]
   452 | D:3      | Found a glowing golden altar of the Shining One.
   583 | D:3      | HP: 7/33 [orc/hand axe (3)]
   589 | D:3      | Reached XP level 4. HP: 40/40 MP: 4/4
   616 | D:3      | Found a radiant altar of Vehumet.
   672 | D:4      | Found a staircase to the Ecumenical Temple.
   683 | Temple   | Entered the Ecumenical Temple
   691 | Temple   | Became a worshipper of Makhleb the Destroyer
   691 | Temple   | Reached * piety under Makhleb
   691 | Temple   | Reached ** piety under Makhleb
   707 | D:4      | Reached skill level 6 in Axes
   805 | D:3      | Reached XP level 5. HP: 21/46 MP: 5/5
   810 | D:3      | Found a faded altar of an unknown god.
   841 | D:3      | Found a blossoming altar of Fedhas.
   953 | D:3      | Reached skill level 7 in Axes
  1173 | D:1      | Reached *** piety under Makhleb
  1203 | D:1      | Reached skill level 1 in Armour
  1443 | D:2      | Killed Sigmund
  1443 | D:2      | Reached skill level 2 in Armour
  1443 | D:2      | Reached XP level 6. HP: 22/55 MP: 6/6
  1483 | D:2      | Noticed Terence
  1490 | D:2      | Killed Terence
  1490 | D:2      | Reached skill level 3 in Armour
  1551 | D:2      | You fall through a shaft for 2 floors!
  1608 | D:4      | Noticed Duvessa
  1616 | D:4      | Noticed Dowan
  1616 | D:4      | HP: 13/55 [Duvessa/short sword of speed (5)]
  1623 | D:4      | HP: 15/82 [Duvessa/short sword of speed (4)]
  1628 | D:4      | HP: 13/82 [Duvessa/short sword of speed (2)]
  1634 | D:4      | Killed Duvessa
  1634 | D:4      | Reached skill level 8 in Axes
  1634 | D:4      | Reached XP level 7. HP: 15/61 MP: 7/7
  1638 | D:4      | HP: 4/61 [scorpion (7)]
  1660 | D:4      | HP: 10/61 [scorpion (6)]
  1685 | D:4      | Killed Dowan
  1740 | D:4      | Found a sparkling altar of Nemelex Xobeh.
  1761 | D:4      | Found an opulent altar of Gozag.
  1807 | D:4      | Got a fine plate armour
  1820 | D:4      | Identified the +4 plate armour of Qezerob {Regen+} (You
                  | found it on level 4 of the Dungeon)
  1883 | D:4      | Reached skill level 9 in Axes
  2125 | D:3      | Found a snail-covered altar of Cheibriados.
  2160 | D:3      | Noticed Ijyb
  2181 | D:3      | Killed Ijyb
  2181 | D:3      | Reached skill level 1 in Shields
  2231 | D:3      | Irenicus: ?? scatershot
  2231 | D:3      | beem: scatershot ~ scattershot ~ wand of scattershot[1/5]:
                  | Blasts the area in front of you with metallic fragments.
                  | Their number and damage increase with evocations skill.
                  | Range: 5. To-hit: 7+power/15.
  2289 | D:5      | Entered Level 5 of the Dungeon
  2312 | D:5      | Reached skill level 2 in Shields
  2317 | D:5      | Irenicus: ?? encumbrance
  2317 | D:5      | beem: encumbrance rating[1/3]: A number representing how
                  | much armour hampers your spellcasting, dodging, and melee
                  | accuracy.
  2328 | D:5      | Found a basalt altar of Yredelemnul.
  2507 | D:5      | Found a shimmering altar of Xom.
  2507 | D:5      | Found a shimmering altar of Xom.
  2508 | D:5      | Found a shimmering altar of Xom.
  2509 | D:5      | Found a shimmering altar of Xom.
  2509 | D:5      | Found a shimmering altar of Xom.
  2511 | D:5      | Found a shimmering altar of Xom.
  2511 | D:5      | Found a shimmering altar of Xom.
  2548 | D:5      | Reached skill level 3 in Shields
  2724 | D:5      | Reached **** piety under Makhleb
  2729 | D:5      | Reached XP level 8. HP: 68/68 MP: 8/8
  2800 | D:5      | Reached skill level 3 in Fighting
  2806 | D:5      | Found a deep blue altar of Sif Muna.
  2934 | D:6      | Reached skill level 4 in Fighting
  2944 | D:6      | Found a sparkling altar of Nemelex Xobeh.
  3280 | D:6      | Reached skill level 4 in Shields
  3548 | D:7      | Found an ancient bone altar of Kikubaaqudgha.
  3555 | D:7      | Reached skill level 10 in Axes
  3555 | D:7      | Reached skill level 4 in Armour
  3562 | D:7      | Reached ***** piety under Makhleb
  3566 | D:7      | Found a shattered altar of Ashenzari.
  3602 | D:7      | Found a stormy altar of Qazlal.
  3753 | D:7      | Reached skill level 5 in Armour
  3753 | D:7      | Gained mutation: You passively map the area around you.
                  | [Deep Dwarf growth]
  3753 | D:7      | Reached XP level 9. HP: 49/77 MP: 9/9
  3768 | D:7      | Reached skill level 6 in Armour
  3774 | D:7      | Reached skill level 11 in Axes
  3799 | D:7      | Found an iron altar of Okawaru.
  4055 | D:8      | Reached skill level 7 in Armour
  4146 | D:8      | Found a staircase to the Lair.
  4524 | D:8      | Reached skill level 12 in Axes
  4571 | D:8      | Noticed Harold
  4698 | D:9      | Noticed a brown ugly thing
  4707 | D:9      | Killed a brown ugly thing
  4719 | D:9      | Reached XP level 10. HP: 85/85 MP: 10/10
  4809 | D:9      | Found a flagged portal.
  4818 | Bailey   | Entered a bailey
  4888 | Bailey   | Reached skill level 13 in Axes
  4949 | Bailey   | HP: 13/85 [orc warrior/bolt (12)]
  4949 | Bailey   | HP: 6/85 [orc warrior/bolt (7)]
  5037 | Bailey   | HP: 12/86 [orc warrior (12)]
  5192 | Bailey   | HP: 17/86 [orc warrior/halberd (11)]
  5195 | Bailey   | HP: 1/86 [orc warrior/halberd (16)]
  5215 | Bailey   | Got a spiked ring mail
  5226 | Bailey   | Identified the cursed +0 ring mail of the Many Planets {rF+
                  | MR+ Str+4} (You found it in a bailey)
  5227 | Bailey   | Noticed an orc knight
  5231 | Bailey   | Reached skill level 1 in Evocations
  5232 | Bailey   | Reached skill level 2 in Evocations
  5234 | Bailey   | Killed an orc knight
  5234 | Bailey   | Reached skill level 4 in Evocations
  5234 | Bailey   | Reached skill level 5 in Evocations
  5357 | D:9      | Noticed Grum
  5366 | D:9      | Killed Grum
  5366 | D:9      | Reached skill level 6 in Evocations
  5407 | D:9      | Found a burning altar of Makhleb.
  5407 | D:9      | Noticed a balrug
  5411 | D:9      | Noticed an orange demon
  5411 | D:9      | Noticed a smoke demon
  5439 | D:8      | Reached skill level 7 in Evocations
  5448 | D:8      | Reached ****** piety under Makhleb
  5505 | D:10     | Entered Level 10 of the Dungeon
  5510 | D:10     | Got an encrusted chain mail
  5521 | D:10     | Identified the +7 chain mail of Uskayaw's Pride {*Contam
                  | MR+ Int+8 Slay-6} (You found it on level 10 of the Dungeon)
  5588 | D:10     | Gained mutation: You tend to lose your temper in combat.
                  | [mutagenic glow]
  5625 | D:10     | Reached skill level 1 in Invocations
  5627 | D:10     | Reached skill level 2 in Invocations
  5635 | D:10     | Reached skill level 3 in Invocations
  5649 | D:10     | Found a staircase to the Orcish Mines.
  5665 | D:10     | Found a basalt altar of Yredelemnul.
  5708 | D:10     | Reached skill level 4 in Invocations
  5898 | D:11     | Reached skill level 5 in Invocations
  5975 | D:11     | Noticed Fannar
  5991 | D:11     | Reached XP level 11. HP: 55/92 MP: 14/14
  6011 | D:11     | Killed Fannar
  6011 | D:11     | Reached skill level 6 in Invocations
  6131 | D:11     | Noticed a four-headed hydra
  6223 | D:12     | Noticed a two-headed ogre
  6231 | D:12     | HP: 16/92 [cyclops (13)]
  6236 | D:12     | HP: 23/92 [two-headed ogre/giant club (2)]
  6241 | D:12     | Reached skill level 14 in Axes
  6241 | D:12     | Reached skill level 7 in Invocations
  6244 | D:12     | HP: 16/92 [two-headed ogre/giant club (15)]
  6253 | D:12     | Killed a two-headed ogre
  6265 | D:12     | Noticed a brown ugly thing
  6290 | D:12     | Killed a brown ugly thing
  6290 | D:12     | Reached skill level 8 in Invocations
  6327 | D:11     | Reached skill level 4 in Dodging
  6361 | D:11     | Noticed a deep elf mage
  6374 | D:11     | Killed a deep elf mage
  6379 | D:11     | Noticed a two-headed ogre
  6402 | D:12     | Found Fenatuc's Armour Emporium.
  6421 | D:12     | Reached skill level 5 in Dodging
  6500 | D:12     | Got a faintly glowing quarterstaff
  6550 | D:12     | Got a steaming hunting sling
  6556 | D:12     | Identified the cursed +2 hunting sling of Upheaval
                  | {velocity, rC+} (You found it on level 12 of the Dungeon)
  6577 | D:12     | Reached skill level 6 in Dodging
  6588 | D:12     | Killed an unseen horror
  6641 | D:12     | Noticed an eight-headed hydra
  6715 | D:11     | Reached skill level 7 in Dodging
  6818 | D:11     | Reached skill level 8 in Dodging
  6842 | D:11     | Noticed Josephine
  6848 | D:11     | HP: 23/92 [Josephine/ghostly fireball (24)]
  6851 | D:11     | Killed Josephine
  6851 | D:11     | Reached skill level 8 in Armour
  6852 | D:11     | Found a roughly hewn altar of Beogh.
  7161 | D:11     | Reached XP level 12. HP: 69/99 MP: 15/15
  7212 | D:11     | Killed a two-headed ogre
  7212 | D:11     | Reached skill level 9 in Armour
  7287 | D:12     | Killed an eight-headed hydra
  7287 | D:12     | Reached skill level 5 in Fighting
  7425 | Orc:1    | Entered Level 1 of the Orcish Mines
  7456 | Orc:1    | Found a runed door.
  7457 | Orc:1    | Found a shimmering altar of Xom.
  7457 | Orc:1    | Noticed Ziny's ghost (journeyman TrMo)
  7661 | Orc:1    | Reached skill level 6 in Fighting
  7796 | Orc:2    | Entered Level 2 of the Orcish Mines
  8003 | Orc:2    | Found a radiant altar of Vehumet.
  8003 | Orc:2    | Found a roughly hewn altar of Beogh.
  8056 | Orc:2    | Found a staircase to the Elven Halls.
  8076 | Orc:2    | Reached skill level 7 in Fighting
  8243 | Orc:2    | Noticed an orc high priest
  8247 | Orc:2    | Noticed an orc high priest
  8258 | Orc:2    | Killed an orc high priest
  8258 | Orc:2    | Reached skill level 9 in Dodging
  8265 | Orc:2    | Killed an orc high priest
  8267 | Orc:2    | Noticed an orc high priest
  8278 | Orc:2    | Reached skill level 10 in Dodging
  8280 | Orc:2    | Found Hoxt's Assorted Antiques.
  8280 | Orc:2    | Found Suotim's Armour Emporium.
  8281 | Orc:2    | Killed an orc high priest
  8284 | Orc:2    | Found Raisogga's General Store.
  8284 | Orc:2    | Found Zumif's Jewellery Shop.
  8296 | Orc:2    | Bought a scroll of teleportation for 54 gold pieces
  8296 | Orc:2    | Bought a potion of heal wounds for 90 gold pieces
  8327 | Orc:2    | Bought a potion of might for 88 gold pieces
  8327 | Orc:2    | Bought a wand of random effects (37) for 22 gold pieces
  8327 | Orc:2    | Bought a potion of might for 88 gold pieces
  8327 | Orc:2    | Bought a glowing broad axe for 154 gold pieces
  8330 | Orc:2    | Bought the ring "Hepnirem" {rN+ MR+ Int+2 Slay+2} for 587
                  | gold pieces
  8330 | Orc:2    | Bought an uncursed amulet of rage for 520 gold pieces
  8656 | Lair:1   | Entered Level 1 of the Lair of Beasts
  8740 | Lair:1   | HP: 15/109 [komodo dragon (13)]
  8778 | Lair:1   | HP: 27/109 [blink frog (8)]
  8850 | Lair:1   | HP: 26/109 [bullfrog (1)]
  8955 | Lair:1   | Reached skill level 15 in Axes
  9263 | Lair:2   | Reached XP level 13. HP: 104/115 MP: 16/16
 10189 | Lair:4   | Reached skill level 16 in Axes
 10446 | Lair:4   | Found a hole to the Spider Nest.
 10612 | Lair:4   | Found a staircase to the Swamp.
 10767 | Lair:5   | Reached skill level 17 in Axes
 10866 | Lair:5   | Found a staircase to the Slime Pits.
 10953 | Lair:5   | HP: 28/115 [acid (8)]
 11196 | Lair:6   | Entered Level 6 of the Lair of Beasts
 11241 | Lair:6   | Reached skill level 18 in Axes
 11279 | Lair:6   | Gained mutation: You resist negative energy. (rN+) [Deep
                  | Dwarf growth]
 11279 | Lair:6   | Reached XP level 14. HP: 65/123 MP: 17/17
 11398 | Lair:6   | Reached skill level 19 in Axes
 11573 | Lair:6   | Reached skill level 11 in Dodging
 11673 | Lair:6   | Got a pitted hunting sling
 11674 | Lair:6   | Identified the +9 hunting sling of Disorder {flame, rC++}
                  | (You found it on level 6 of the Lair of Beasts)
 11717 | Lair:6   | Reached skill level 8 in Fighting
 11736 | Lair:6   | Identified a scroll of acquirement
 11938 | Swamp:1  | Entered Level 1 of the Swamp
 12083 | Swamp:4  | Entered Level 4 of the Swamp
 12160 | Swamp:4  | HP: 44/189 [spriggan druid/angry trees (7)]
 12164 | Swamp:4  | HP: 9/189 [six-headed hydra[a spriggan druid] (19)]
 12164 | Swamp:4  | HP: 1/189 [six-headed hydra[a spriggan druid] (8)]
 12164 | Swamp:4  | Slain by a six-headed hydra

Skill      XL: |  1  2  3  4  5  6  7  8  9 10 11 12 13 14 |
---------------+-------------------------------------------+-----
Axes           | 4 5 6 7 8 9 10 12 13 14 15 18 19 | 19.7
Armour         | 2 3 5 7 8 9 |  9.0
Shields        | 3 4 |  4.4
Fighting       | 4 7 8 |  8.2
Evocations     | 7 |  7.5
Invocations    | 5 8 |  8.0
Dodging        | 8 10 11 | 11.5
Stealth        | |  2.4

Action                   |  1- 3 |  4- 6 |  7- 9 | 10-12 | 13-15 || total
-------------------------+-------+-------+-------+-------+-------++-------
Melee: Hand axe          |   106 |   199 |   146 |   716 |       ||  1167
       War axe           |       |       |   447 |   238 |       ||   685
       Broad axe         |       |       |       |    93 |   530 ||   623
       Executioner's axe |       |       |       |       |     6 ||     6
Invok: Lesser Servant of |       |       |       |     2 |       ||     2
 Abil: Heal Wounds       |     1 |       |     2 |     5 |       ||     8
       Evoke Berserk Rag |       |       |       |       |     1 ||     1
Evoke: Wand              |       |       |     8 |    59 |    22 ||    89
  Use: Potion            |     2 |     2 |       |    10 |     1 ||    15
       Scroll            |       |     3 |     4 |    16 |    15 ||    38
 Stab: Sleeping          |     4 |     4 |       |       |     4 ||    12
       Distracted        |       |     1 |       |     8 |     1 ||    10
       Paralysed         |       |       |       |    37 |       ||    37
       Confused          |       |       |       |       |     1 ||     1
  Eat: Chunk             |       |     2 |    11 |    11 |    10 ||    34
       Ration            |       |       |       |     2 |       ||     2
Armor: Robe              |     9 |       |       |       |       ||     9
       Leather armour    |     4 |     7 |       |       |       ||    11
       Ring mail         |       |    48 |    11 |   231 |   102 ||   392
       Plate armour      |       |       |   358 |    70 |       ||   428
Dodge: Dodged            |    79 |   101 |   157 |   562 |   431 ||  1330
Block: Buckler           |       |       |   124 |   297 |   144 ||   565

Vault maps used:
D:1:      onia_arrival_mini_spirals, minmay_pentomino_o2
D:2:      first_ration, uniq_sigmund, uniq_terence
D:3:      cheibriados_altar_1, nicolae_overflow_crystal_walls,
          lemuel_crystal_altar, fiery_altar_vehumet,
          chequers_ecumenical_altar_island, uniq_ijyb
D:4:      kennysheep_mini_moat, minmay_temple_entry_statues_pillars,
          st_stairs_6, nemelex_spade_bored_becter, uniq_duvessa
D:5:      lemuel_doored_altar, kennysheep_little_box, serial_glass,
          glass_columns_c, glass_columns_a, nicolae_xom_altar_mimics
D:6:      nicolae_overflow_hidden_temple, kennysheep_generic_room_16
D:7:      lemuel_crystal_altar, lemuel_crystal_altar, overflow_temple_1_default,
          lemuel_round_altar, st_stairs_2, grunt_livestock, minmay_misc_feat_chi
D:8:      lair_entry_dummy, uniq_harold
D:9:      enter_bailey_3, makhleb_altar_promises_db, uniq_grum
D:10:     david_orc_3, basic_altar
D:11:     special_room, serial_park_tiny_2, hangedman_decor_opposing,
          uniq_josephine, uniq_fannar
D:12:     serial_shops, shop_fountains
Temple:   eino_temple_lava
Lair:1:   beast_lair_carwin_10
Lair:2:   minivault_19, minmay_hedge_maze, minmay_stone_trees_small,
          lemuel_fruit_fields
Lair:3:   infiniplex_staircase_pool
Lair:4:   nicolae_swamp_entry_splash_gauntlet,
          nicolae_spider_entry_orb_guardian, st_stairs_7
Lair:5:   minmay_slime_entry_oklob_open, eino_small_chamber_without_monster,
          minmay_lair_oklob_chamber, grunt_megastairs_3
Lair:6:   minmay_lair_end_frog_pond
Swamp:1:  hangedman_swamp_blocks
Swamp:2:  nicolae_swamp_triple_paths
Swamp:3:  evilmike_swamp_ruin_rubble_1
Swamp:4:  swamp_alternative, portal_ice_cave_entry_ugly_swarm, swamp_pool5
Orc:1:    ebering_ghost_xom
Orc:2:    grunt_orc_tribal_feast, basic_altar, nicolae_orc_lost_temple
Bailey:   bailey_polearm_2, bailey

Table legend:
 A = Turns spent in this place as a percentage of turns spent in the entire game.
 B = Non-inter-level travel turns spent in this place as a percentage of non-inter-level travel turns spent in the entire game.
 C = Inter-level travel turns spent in this place as a percentage of turns spent in this place.
 D = Turns resting spent in this place as a percentage of non-inter-level travel turns spent in this place.
 E = Turns spent auto-exploring this place as a percentage of non-inter-level travel turns spent in this place.
 F = Non-inter-level travel turns spent in this place divided by the number of levels of this place that you've seen.
                   A       B       C       D       E      F
               +-------+-------+-------+-------+-------+----------------------
         Total | 100.0 | 100.0 |   2.3 |   0.0 |   0.0 | 457.1
       Dungeon |  59.2 |  59.8 |   1.3 |   0.0 |   0.0 | 592.7
        Temple |   0.1 |   0.1 |   0.0 |   0.0 |   0.0 |  17.0
          Lair |  27.0 |  26.2 |   5.1 |   0.0 |   0.0 | 519.3
         Swamp |   1.9 |   1.9 |   0.4 |   0.0 |   0.0 |  56.2
  Orcish Mines |   8.2 |   8.2 |   1.8 |   0.0 |   0.0 | 489.5
        Bailey |   3.6 |   3.7 |   0.0 |   0.0 |   0.0 | 435.0
               +-------+-------+-------+-------+-------+----------------------

Table legend:
 A = Kills in this place as a percentage of kills in entire the game.
 B = Kills by you in this place as a percentage of kills by you in the entire game.
 C = Kills by friends in this place as a percentage of kills by friends in the entire game.
 D = Other kills in this place as a percentage of other kills in the entire game.
 E = Experience gained in this place as a percentage of experience gained in the entire game.
 F = Experience gained in this place divided by the number of levels of this place that you have seen.
                   A       B       C       D       E      F
               +-------+-------+-------+-------+-------+----------------------
         Total | 100.0 | 100.0 | 100.0 | 100.0 | 100.0 | 3563.0
       Dungeon |  54.2 |  54.7 |  37.5 |   0.0 |  24.1 | 1862.2
          Lair |  29.9 |  30.7 |   0.0 |   0.0 |  57.7 | 8901.0
         Swamp |   3.5 |   3.3 |   0.0 | 100.0 |   7.1 | 1644.8
  Orcish Mines |   8.8 |   7.5 |  62.5 |   0.0 |   8.7 | 4033.5
        Bailey |   3.7 |   3.8 |   0.0 |   0.0 |   2.4 | 2238.0
               +-------+-------+-------+-------+-------+----------------------
